 Dungeon Crawl Stone Soup version 0.31-a0-175-g9f7f995f2b (webtiles) character file.

Game seed: 14378211706882614109

89 qw the Chopper (level 4, -1/28 HPs)
             Began as a Gargoyle Fighter on June 16, 2023.
             Killed from afar by an orc wizard (6 damage)
             ... with a magic dart
             ... on level 3 of the Dungeon.
             The game lasted 00:00:59 (1948 turns).

qw the Chopper (Gargoyle Fighter)                   Turns: 1948, Time: 00:00:59

Health: -1/28      AC: 11    Str: 22    XL:     4   Next: 55%
Magic:  4/4        EV:  9    Int:  8    God:
Gold:   71         SH:  4    Dex:  9    Spells: 3/3 levels left

rFire   . . .        Y - +1 war axe
rCold   . . .        c - +0 buckler
rNeg    + . .        b - +0 scale mail
rPois   inf          (no helmet)
rElec   +            (no cloak)
rCorr   .            (no gloves)
SInv    .            f - +0 pair of boots
Will    .....        (no amulet) Stlth
                     (no ring)
HPRegen 0.24/turn    (no ring)
MPRegen 0.09/turn

%: no passive effects
@: no status effects
A: sickness immunity, AC +3, negative energy resistance 1, electricity
resistance, torment resistance 1, petrification resistance
a: no special abilities


You were on level 3 of the Dungeon.
You visited 1 branch of the dungeon, and saw 3 of its levels.

You collected 114 gold pieces.
You spent 43 gold pieces at shops.


Innate Abilities, Weirdness & Mutations

You are immune to sickness and miasma.
Your stone body is resilient. (AC +3)
You are immune to poison.
You resist negative energy. (rN+)
You are resistant to electric shocks. (rElec)
You are resistant to unholy torment.
You are immune to petrification.


   Skills:
 - Level 3.2 Fighting
 + Level 4.2 Axes
 - Level 3.2 Armour
 - Level 3.2 Shields


You had 3 spell levels left.
You didn't know any spells.
Your spell library was empty.

Inventory:

Hand Weapons
 a - a +0 mace
 Y - a +1 war axe (weapon)
Armour
 b - a +0 scale mail (worn)
 c - a +0 buckler (worn)
 f - a +0 pair of boots (worn)
Wands
 i - a wand of digging (5)
Scrolls
 h - a scroll of identify
Potions
 d - a potion of might
 g - a potion of resistance {unknown}

Dungeon Overview and Level Annotations

Branches:
Dungeon (3/15)

Altars:

Shops:
D:2 *


Message History

You hit the kobold.
You kill the kobold!
The gnoll closely misses you.
The gnoll hits you from afar with a +0 spear!
You barely miss the gnoll. The gnoll hits you with a +0 flail!
The gnoll hits you but does no damage. The gnoll hits you with a +0 flail.
You hit the gnoll.
The gnoll is lightly wounded.
The gnoll hits you but does no damage. The gnoll barely misses you.
You barely miss the gnoll.
The gnoll is lightly wounded.
The orc wizard mumbles some strange words.
The orc wizard flickers and vanishes!
Deactivating autopickup; reactivate with Ctrl-A.
The gnoll hits you but does no damage. x3
You slash the gnoll!
The gnoll is almost dead.
The gnoll closely misses you. The gnoll hits you but does no damage.
The gnoll barely misses you.
You hit the gnoll.
You kill the gnoll!
The gnoll hits you but does no damage.
You closely miss something.
A gnoll comes into view. It is wielding a +0 halberd.
Something hits you but does no damage. The gnoll closely misses you.
You closely miss something.
You hear some strange, mumbled words.
Something tries to affect you, but you resist.
The gnoll hits you from afar with a +0 spear.
Something hits you but does no damage. The gnoll barely misses you.
You closely miss something. You block the gnoll's attack.
Something hits you but does no damage. The gnoll hits you but does no damage.
You barely miss something. The gnoll barely misses you.
You hear some strange, mumbled words.
A magic dart appears from out of thin air!
The magic dart hits you.
You die...

... ......# #.# ..##
.. .)..#### #.# ..#.
#.###..# #.. ...g
.###..# ### #..
#.....# # #..
#.##.########## #.#
#..............
#.g####)#............
#g{@...#....########
#.####.#.##.# #.
#.#.##.# #. #.#.##.#
#. #.#.##.# ..
#.#.##.# ## ##
#.#.##.# #. #.#.##.#
#####. #......#
#.....


You could see 2 gnolls.

Vanquished Creatures
  A gnoll (D:3)
  2 adders (D:2)
  A worm (D:2)
  A dart slug (D:2)
  2 orcs (D:3)
  4 ball pythons (D:2)
  7 endoplasms
  6 goblins
  7 hobgoblins
  7 kobolds
  A quokka (D:1)
  7 bats
  3 frilled lizards
  4 rats (D:1)
53 creatures vanquished.

Notes
Turn   | Place    | Note
-------+----------+-------------------------------------------
     0 | D:1      | qw the Gargoyle Fighter began the quest for the Orb.
     0 | D:1      | Reached XP level 1. HP: 14/14 MP: 1/1
     0 | D:1      | 0 ||| qw: Version: 0.2-a-29-g511e9b1
     0 | D:1      | 0 ||| qw: Game counter: 5677
     0 | D:1      | 0 ||| qw: Always use a shield: true
     0 | D:1      | 0 ||| qw: God list: Okawaru
     0 | D:1      | 0 ||| qw: Allow faded altars: false
     0 | D:1      | 0 ||| qw: Do Orc after D:15 true
     0 | D:1      | 0 ||| qw: Do second Lair branch before Depths: true
     0 | D:1      | 0 ||| qw: Lair rune preference: random
     0 | D:1      | 0 ||| qw: Plans: Normal, Zot:1-4, Slime:5, God:TSO, Crypt,
                  | Tomb, Abyss, Pan, Hells, Win
     0 | D:1      | 0 ||| PLANNING D:1-11
    59 | D:1      | Reached skill level 2 in Axes
   128 | D:1      | 128 ||| Stepping ~*~*~tactically~*~*~ (stealth).
   133 | D:1      | Reached XP level 2. HP: 19/19 MP: 2/2
   133 | D:1      | 133 ||| Stepping ~*~*~tactically~*~*~ (stealth).
   171 | D:1      | 171 ||| Stepping ~*~*~tactically~*~*~ (hiding).
   173 | D:1      | 173 ||| Stepping ~*~*~tactically~*~*~ (hiding).
   346 | D:1      | 346 ||| Stepping ~*~*~tactically~*~*~ (stealth).
   369 | D:1      | Reached skill level 3 in Axes
   411 | D:1      | Reached XP level 3. HP: 22/23 MP: 3/3
   613 | D:1      | 613 ||| READING scroll labelled GUURID ETIQEYM.
   618 | D:1      | 618 ||| READING scroll labelled WUUCUPIDUYL.
   719 | D:1      | 719 ||| READING 2 scrolls labelled HOTAJA ZEDEH.
   950 | D:2      | 950 ||| Stepping ~*~*~tactically~*~*~ (hiding).
  1075 | D:2      | Found Dergh's Assorted Antiques.
  1145 | D:2      | 1145 ||| SHOPLISTING faintly glowing chain mail (218 gold,
                  | have 51).
  1145 | D:2      | 1145 ||| BUYING murky amethyst potion (20 gold).
  1145 | D:2      | Bought a murky amethyst potion for 20 gold pieces
  1145 | D:2      | 1145 ||| SHOPLISTING pair of gloves (103 gold, have 31).
  1145 | D:2      | 1145 ||| SHOPLISTING runed ring mail (161 gold, have 31).
  1145 | D:2      | 1145 ||| SHOPLISTING runed scale mail (161 gold, have 31).
  1145 | D:2      | 1145 ||| BUYING scroll labelled HYJIGI MOIGE (23 gold).
  1145 | D:2      | Bought a scroll labelled HYJIGI MOIGE for 23 gold pieces
  1145 | D:2      | 1145 ||| SHOPLISTING scroll labelled KASSIG BEIWK (23 gold,
                  | have 8).
  1177 | D:2      | 1177 ||| Stepping ~*~*~tactically~*~*~ (stealth).
  1178 | D:2      | 1178 ||| Stepping ~*~*~tactically~*~*~ (stealth).
  1592 | D:2      | Reached XP level 4. HP: 22/28 MP: 4/4
  1605 | D:2      | 1605 ||| Stepping ~*~*~tactically~*~*~ (stealth).
  1629 | D:2      | 1629 ||| Stepping ~*~*~tactically~*~*~ (stealth).
  1681 | D:2      | 1681 ||| UPGRADING to +0 pair of boots.
  1686 | D:2      | 1686 ||| READING scroll labelled VOSUUSEVVO.
  1687 | D:2      | 1687 ||| READING scroll labelled HYJIGI MOIGE.
  1688 | D:2      | 1688 ||| READING scroll labelled ETOWAPR GIAPIGICO.
  1767 | D:3      | Reached skill level 4 in Axes
  1793 | D:3      | 1793 ||| Stepping ~*~*~tactically~*~*~ (hiding).
  1822 | D:3      | 1822 ||| Stepping ~*~*~tactically~*~*~ (stealth).
  1851 | D:3      | 1851 ||| Stepping ~*~*~tactically~*~*~ (stealth).
  1875 | D:3      | 1875 ||| Stepping ~*~*~tactically~*~*~ (stealth).
  1911 | D:3      | 1911 ||| Stepping ~*~*~tactically~*~*~ (stealth).
  1913 | D:3      | 1913 ||| Stepping ~*~*~tactically~*~*~ (stealth).
  1927 | D:3      | 1927 ||| Stepping ~*~*~tactically~*~*~ (stealth).
  1928 | D:3      | 1928 ||| DROPPING +0 club.
  1931 | D:3      | 1931 ||| Stepping ~*~*~tactically~*~*~ (hiding).
  1940 | D:3      | HP: 6/28 [gnoll/+0 flail (6)]
  1946 | D:3      | HP: 5/28 [gnoll/+0 spear (3)]
  1948 | D:3      | Killed from afar by an orc wizard

Levels and vault maps discovered:
D:1:      dpeg_arrival_more_subterranean_lakeside_camping, layout_rooms,
          serial_glass, glass_columns_a, glass_columns_b, moated_statue
D:2:      layout_basic, serial_corexii_hall, chequers_hall_statues_corner_a,
          corexii_hall_statues_x, serial_shops, shop_statue,
          minmay_shallow_snake_nest
D:3:      layout_loops_ring, shapermc_ecumenical_altar_mp_vishouse,
          amcnicky_mini_pool_small

Skill      XL: |  1  2  3  4 |
---------------+-------------+-----
Axes           | 2 3 4 |  4.2
Fighting       | |  3.2
Armour         | |  3.2
Shields        | |  3.2

Action                     |  1- 3 |  4- 6 || total
---------------------------+-------+-------++-------
  Melee: War axe           |   102 |    48 ||   150
    Use: Scroll            |     3 |     3 ||     6
 Armour: Scale mail        |    51 |    31 ||    82
  Dodge: Dodged            |    53 |    21 ||    74
  Block: Buckler           |    12 |     9 ||    21

Table legend:
 A = Non-vault XP
 B = Vault XP
 C = Vault XP percentage of total XP
 D = Non-vault monster count
 E = Vault monster count
 F = Vault count percentage of total count
                 A         B        C        D         E       F
            +---------+---------+-------+---------+---------+-------
      Total |     108 |      20 |  15.6 |      48 |       5 |   9.4
            +---------+---------+-------+---------+---------+-------
        D:1 |      41 |       0 |   0.0 |      26 |       0 |   0.0
        D:2 |      35 |      20 |  36.4 |      12 |       5 |  29.4
        D:3 |      32 |       0 |   0.0 |      10 |       0 |   0.0
            +---------+---------+-------+---------+---------+-------
